 Dungeon Crawl Stone Soup version 0.23-a0-619-g281719c6f9 (webtiles) character file.

25 LLavrengius the Caller (level 3, -1/27 HPs)
             Began as a Barachi Summoner on Dec 23, 2018.
             Slain by a gnoll
             ... wielding a cursed +0 spear
              (5 damage)
             ... on level 2 of the Dungeon.
             The game lasted 00:04:03 (1561 turns).

LLavrengius the Caller (Barachi Summoner)           Turns: 1561, Time: 00:04:05

Health: -1/27      AC:  2    Str:  9    XL:     3   Next: 4%
Magic:  0/7        EV: 12    Int: 16    God:
Gold:   35         SH:  0    Dex: 12    Spells: 4/7 levels left

rFire    . . .     SeeInvis .   e - +0 club
rCold    . . .     Gourm    .   (no shield)
rNeg     . . .     Faith    .   a - +0 robe
rPois    .         Spirit   .   (no helmet)
rElec    .         Reflect  .   (no cloak)
rCorr    .         Harm     .   (no gloves)
MR       .....                  (no boots)
Stlth    ++........             (no amulet)
HPRegen  0.09/turn              (no ring)
MPRegen  0.10/turn              (no ring)

@: lethally poisoned (-1 -> -6), slow
A: +LOS, swims, slowness 1, strong legs 1
a: Hop


You were on level 2 of the Dungeon.
You were hungry.

You visited 1 branch of the dungeon, and saw 2 of its levels.

You collected 35 gold pieces.

Inventory:

Hand Weapons
 e - a +0 club (weapon)
Armour
 a - a +0 robe (worn)
Scrolls
 f - a scroll of remove curse {unknown}
 g - 3 scrolls of identify {unknown}
Potions
 b - 2 potions of mutation {unknown}
 d - a potion of haste {unknown}
 h - a potion of magic {unknown}
Comestibles
 c - a ration


   Skills:
 + Level 2.1 Fighting
 - Level 2.1 Dodging
 - Level 1.7 Stealth
 + Level 2.9 Spellcasting
 - Level 4.8 Summonings


You had 4 spell levels left.
You knew the following spells:

 Your Spells              Type           Power        Failure   Level  Hunger
a - Summon Small Mammal   Summ           ###.         2%          1    #......
b - Call Imp              Summ           ###.....     4%          2    ##.....

Your spell library contained the following spells:

 Spells                   Type           Power        Failure   Level  Hunger
 Call Canine Familiar     Summ           ###.....     8%          3    ###....
 Summon Guardian Golem    Hex/Summ       ##......     22%         3    ###....
 Summon Ice Beast         Ice/Summ       ##......     56%         4    #####..
 Summon Lightning Spire   Summ/Air       ##......     56%         4    #####..


Dungeon Overview and Level Annotations

Branches:
Dungeon (2/15)

Altars:


Innate Abilities, Weirdness & Mutations

Shadows flee at your approach. (+LOS)
You can swim through water.
You cover ground slowly.
You can hop short distances.


Message History

Your crimson imp closely misses the adder.
Your white imp closely misses the adder.
Your rat bites the adder.
The adder bites you.
You are poisoned.
The adder poisons you! The gnoll closely misses you.
You feel sick. The adder bites you.
Your crimson imp barely misses the adder.
Your rat bites the adder but does no damage.
Your white imp hits the adder.
Your white imp freezes the adder.
The adder dies!
Your Fighting skill increases to level 2!
You have reached level 3!
Your experience leads to an increase in your attributes!
Increase (S)trength, (I)ntelligence, or (D)exterity?
You feel clever. The worm bites you!
* * * LOW HITPOINT WARNING * * *
The gnoll hits your crimson imp but does no damage.
The gnoll hits you from afar with a cursed +0 spear.
You die...

### #.. ... #.##
...# .#
#..##..##.
#.#.####5rg......
#.......@........
....####wg5......
...gg...w.
.........>.
#.$.........
S.#.#..#....
$#..##..#.#..
%###. ..# # # # .
..#


You could see 2 worms, 4 gnolls, an adder (sleeping), a friendly crimson imp, a
friendly white imp and a friendly rat.

Vanquished Creatures
  A dart slug (D:1)
  A ball python (D:1)
  3 bats
  A giant cockroach (D:1)
  A quokka (D:2)
  A kobold (D:1)
  3 rats (D:1)
11 creatures vanquished.

Vanquished Creatures (collateral kills)
  An adder (D:2)
  A worm (D:2)
  A dart slug (D:1)
  A giant cockroach (D:1)
  2 hobgoblins (D:1)
  2 quokkas (D:2)
8 creatures vanquished.

Grand Total: 19 creatures vanquished

Notes
Turn   | Place    | Note
-------+----------+-------------------------------------------
     0 | D:1      | LLavrengius the Barachi Summoner began the quest for the
                  | Orb.
     0 | D:1      | Reached XP level 1. HP: 13/13 MP: 3/3
   162 | D:1      | Reached skill level 1 in Fighting
   310 | D:1      | Reached XP level 2. HP: 21/21 MP: 0/5
  1143 | D:2      | Learned a level 2 spell: Call Imp
  1561 | D:2      | Reached XP level 3. HP: 11/27 MP: 0/7
  1561 | D:2      | Slain by a gnoll

Vault maps used:
D:1:      dpeg_arrival_boxes_within_box, minmay_splitting_lines
D:2:      st_stairs_3, minmay_pentomino_x4, uniq_crazy_yiuf_cottage

Skill      XL: |  1  2 |
---------------+-------+-----
Fighting       | 1 2 |  2.1
Dodging        | |  2.1
Stealth        | |  1.7
Spellcasting   | |  2.9
Summonings     | |  4.8

Action                   || total
-------------------------++-------
Melee: Unarmed           ||    15
       Club              ||    67
 Cast: Summon Small Mamm ||    16
       Call Imp          ||     4
 Stab: Sleeping          ||     1
  Eat: Chunk             ||     2
Armor: Robe              ||    23
Dodge: Dodged            ||    71

Table legend:
 A = Non-vault XP
 B = Vault XP
 C = Vault XP percentage of total XP
 D = Non-vault monster count
 E = Vault monster count
 F = Vault count percentage of total count
                 A         B        C        D         E       F
            +---------+---------+-------+---------+---------+-------
      Total |      36 |       0 |   0.0 |      19 |       0 |   0.0
            +---------+---------+-------+---------+---------+-------
        D:1 |      19 |       0 |   0.0 |      13 |       0 |   0.0
        D:2 |      17 |       0 |   0.0 |       6 |       0 |   0.0
            +---------+---------+-------+---------+---------+-------
